[Event "EDAMI"]
[Site "Internet Chess Club"]
[Date "2020.03.21"]
[Round "4"]
[White "liveisgood"]
[Black "chessmasternico"]
[Result "1-0"]
[ICCResult "Black checkmated"]
[WhiteElo "1240"]
[BlackElo "1177"]
[Opening "Queen's pawn: Chigorin variation"]
[ECO "D00"]
[NIC "QP.08"]
[Time "13:57:06"]
[TimeControl "300+3"]

1. d4 d5 2. Nc3 Nc6 3. Nf3 Nxd4 4. Qxd4 e5 5. Qxe5+ Kd7 6. Qxd5+ Ke7 7. Bg5+
Ke8 8. Bxd8 Be7 9. Bxc7 Kf8 10. e3 Bd8 11. Bxd8 Ke8 12. Bc7 Kf8 13. Qe5 Bd7
14. Rd1 Be8 15. Bd6+ Ne7 16. Bxe7+ Kg8 17. Bc4 Rd8 18. Rxd8 g5 19. Rxe8#
{Black checkmated}
1-0

[Event "EDAMI"]
[Site "Internet Chess Club"]
[Date "2020.03.21"]
[Round "4"]
[White "tomasgarrido"]
[Black "didi08"]
[Result "1-0"]
[ICCResult "Black forfeits on time"]
[WhiteElo "1348"]
[BlackElo "1308"]
[Opening "Queen's pawn game"]
[ECO "D00"]
[NIC "QP.08"]
[Time "13:56:45"]
[TimeControl "300+3"]

1. d4 d5 2. e3 e6 3. Nc3 Nc6 4. Nf3 Nf6 5. Bd3 Bb4 6. O-O O-O 7. h3 Bxc3 8.
bxc3 h6 9. c4 Qd6 10. c5 Qd7 11. Ne5 Nxe5 12. dxe5 Nh5 13. Qxh5 g6 14. Qxh6
Qa4 15. Bxg6 fxg6 16. Qxg6+ Kh8 17. e4 Qxc2 18. Bh6 Rg8 19. Qf6+ Kh7 20.
Rac1 Qxe4 21. f3 Qg6 22. g4 Qxh6 23. Qf7+ Qg7 24. Qh5+ Qh6 25. Qf7+ Kh8 26.
g5 Qxg5+ 27. Kf2 Qg3+ 28. Ke3 {Black forfeits on time} 1-0

[Event "EDAMI"]
[Site "Internet Chess Club"]
[Date "2020.03.21"]
[Round "4"]
[White "Josep2012"]
[Black "JotaAlvarez"]
[Result "0-1"]
[ICCResult "White checkmated"]
[WhiteElo "1261"]
[BlackElo "1308"]
[Opening "Four knights: Italian variation"]
[ECO "C47"]
[NIC "KP.06"]
[Time "14:00:30"]
[TimeControl "300+3"]

1. e4 e5 2. Nf3 Nc6 3. Nc3 Nf6 4. Bc4 Nxe4 5. Nxe4 d5 6. Bxd5 Qxd5 7. Nc3
Qd8 8. O-O Bg4 9. h3 Bh5 10. g4 Bg6 11. d3 Be7 12. h4 h6 13. g5 hxg5 14.
hxg5 Qd6 15. Re1 O-O-O 16. Kf1 Bh5 17. Nb5 Qd5 18. Nxa7+ Nxa7 19. Rxe5 Bxf3
20. Qxf3 Qxf3 21. Rc5 Rh1# {White checkmated} 0-1

[Event "EDAMI"]
[Site "Internet Chess Club"]
[Date "2020.03.21"]
[Round "4"]
[White "ArnauGuasch"]
[Black "Marc12"]
[Result "0-1"]
[ICCResult "White forfeits on time"]
[WhiteElo "1259"]
[BlackElo "1399"]
[Opening "Bishop's opening"]
[ECO "C23"]
[NIC "IG.04"]
[Time "13:56:54"]
[TimeControl "300+3"]

1. e4 e5 2. Bc4 Nc6 3. Qf3 Nf6 4. Qd3 Bc5 5. Nf3 d6 6. Nc3 Bg4 7. h3 Be6 8.
b3 Nb4 9. Ba3 Nxd3+ 10. cxd3 Bxa3 11. Kd1 Bxc4 12. dxc4 Bb4 13. a3 Bxc3 14.
dxc3 c6 15. g4 h6 16. h4 Nxg4 17. Rf1 Nf6 18. Rg1 Rg8 19. b4 Nxe4 20. Re1
Nxf2+ 21. Ke2 Ng4 22. Rg1 Nf6 23. c5 e4 24. Nd2 d5 {White forfeits on time}
0-1

[Event "EDAMI"]
[Site "Internet Chess Club"]
[Date "2020.03.21"]
[Round "4"]
[White "Hakrom"]
[Black "JorgeyLucia"]
[Result "1-0"]
[ICCResult "Black checkmated"]
[WhiteElo "1553"]
[BlackElo "1439"]
[Opening "English: three knights system"]
[ECO "A27"]
[NIC "EO.21"]
[Time "13:56:42"]
[TimeControl "300+3"]

1. c4 e5 2. Nc3 Nc6 3. Nf3 Bc5 4. e4 d6 5. d3 Nge7 6. Be2 O-O 7. a3 a5 8.
Be3 Nd4 9. Bxd4 Bxd4 10. Nxd4 exd4 11. Nd5 c5 12. O-O Nxd5 13. cxd5 b6 14.
f4 f5 15. Bf3 Re8 16. Re1 Qh4 17. g3 Qd8 18. e5 dxe5 19. fxe5 Ba6 20. Qd2
Qd7 21. Rad1 Rad8 22. Qf4 g6 23. h4 Bb7 24. d6 Bxf3 25. Qxf3 Re6 26. Qd5 Kg7
27. b4 axb4 28. axb4 cxb4 29. Rc1 Rc8 30. Qxd4 Rxc1 31. Rxc1 b5 32. Rc7 Qxc7
33. dxc7 Kh6 34. c8=Q Re7 35. e6 Ra7 36. Qxb4 Ra1+ 37. Kg2 Ra2+ 38. Kh3 f4
39. Qxf4+ g5 40. Qxg5# {Black checkmated} 1-0

[Event "EDAMI"]
[Site "Internet Chess Club"]
[Date "2020.03.21"]
[Round "4"]
[White "JulioSainz"]
[Black "lucasmore"]
[Result "0-1"]
[ICCResult "White checkmated"]
[WhiteElo "1115"]
[BlackElo "1198"]
[Opening "Damiano's defense"]
[ECO "C40"]
[NIC "KP.10"]
[Time "13:57:04"]
[TimeControl "300+3"]

1. e4 e5 2. Nf3 f6 3. d3 d6 4. Nc3 Nc6 5. Nd5 Nge7 6. Ng5 Nxd5 7. Ne6 Nb6 8.
Nxd8 Nxd8 9. Be2 Ne6 10. O-O Be7 11. Bh5+ g6 12. g4 gxh5 13. gxh5 Rg8+ 14.
Kh1 Nf4 15. Be3 Nxh5 16. Bh6 Bf8 17. Qxh5+ Ke7 18. c4 Be6 19. Rae1 Bf7 20.
Qxf7+ Kxf7 21. Re3 Bxh6 22. Re2 Rae8 23. Rfe1 Na4 24. Rf1 c6 25. Ree1 b5 26.
Re2 b4 27. b3 Nc3 28. Rc2 Nxa2 29. Rxa2 Re7 30. Rfa1 d5 31. exd5 cxd5 32.
cxd5 e4 33. dxe4 Rxe4 34. Rxa7+ Kg6 35. R1a6 Kf5 36. Rxh7 Re1#
{White checkmated}
0-1

[Event "EDAMI"]
[Site "Internet Chess Club"]
[Date "2020.03.21"]
[Round "4"]
[White "FERNANDOA9"]
[Black "Arriazu96"]
[Result "0-1"]
[ICCResult "White checkmated"]
[WhiteElo "1188"]
[BlackElo "1214"]
[Opening "French defense"]
[ECO "C00"]
[NIC "FR.01"]
[Time "13:56:51"]
[TimeControl "300+3"]

1. e4 e6 2. Nf3 d5 3. exd5 exd5 4. Nc3 Nf6 5. Bd3 c5 6. O-O Bd6 7. Bb5+ Nc6
8. d3 O-O 9. Bg5 Be6 10. Qe2 Re8 11. Bxc6 bxc6 12. b3 a6 13. a3 h6 14. Be3
d4 15. Nxd4 cxd4 16. Bxd4 Bxb3 17. cxb3 Rxe2 18. Nxe2 Qe7 19. Nc3 Rb8 20. b4
Nd5 21. Ne4 Bc7 22. Ba7 Rb7 23. Bc5 Qe6 24. Rfe1 Qf5 25. Bd6 Bb6 26. Bg3 Bd4
27. Nd6 Qd7 28. Rab1 Ra7 29. Re8+ Kh7 30. Re4 Bc3 31. Rc1 Bb2 32. Rb1 Bxa3
33. Ra1 Bxb4 34. Rb1 Bxd6 35. Bh4 Nc3 36. Rbe1 Nxe4 37. Re3 Nd2 38. Re2 Nb3
39. Ra2 Qe6 40. Kf1 Bb4 41. Re2 Qd5 42. Bg3 Re7 43. Ra2 Re1# {White
checkmated} 0-1

[Event "EDAMI"]
[Site "Internet Chess Club"]
[Date "2020.03.21"]
[Round "4"]
[White "raxali"]
[Black "GGEstruch"]
[Result "1-0"]
[ICCResult "Black checkmated"]
[WhiteElo "1251"]
[BlackElo "1120"]
[Opening "Four knights: Scotch, 4...exd4"]
[ECO "C47"]
[NIC "VG.04"]
[Time "14:01:22"]
[TimeControl "300+3"]

1. e4 e5 2. Nc3 Nf6 3. Nf3 Nc6 4. d4 exd4 5. Ne2 Bb4+ 6. Bd2 Bc5 7. Nexd4
Nxd4 8. Nxd4 Bxd4 9. c3 Bc5 10. Be3 Bd6 11. Qd3 O-O 12. Qd1 Nxe4 13. g3 Qf6
14. Bd3 Nc5 15. b4 Nxd3+ 16. Qxd3 b6 17. a3 Bb7 18. Rg1 Bf3 19. Bf4 Bxf4 20.
gxf4 Rfe8+ 21. Kf1 Qxf4 22. Qxd7 Qxh2 23. Rd1 Bxd1 24. Qxd1 Red8 25. Qf3 Rd7
26. Qxa8+ Rd8 27. Qxd8# {Black checkmated} 1-0

[Event "EDAMI"]
[Site "Internet Chess Club"]
[Date "2020.03.21"]
[Round "4"]
[White "AdriaPro"]
[Black "ramonramon2006"]
[Result "1-0"]
[ICCResult "Black checkmated"]
[WhiteElo "1600"]
[BlackElo "1255"]
[Opening "Queen's pawn game, Darooha variation "]
[ECO "D02"]
[NIC "QP.08"]
[Time "13:56:44"]
[TimeControl "300+3"]

1. d4 d5 2. Nf3 Nf6 3. g3 Nbd7 4. Bg2 e6 5. O-O c5 6. c4 dxc4 7. Na3 Nb6 8.
dxc5 Bxc5 9. Qxd8+ Kxd8 10. Ne5 Ke7 11. Naxc4 Nxc4 12. Nxc4 Rd8 13. a3 Rb8
14. b4 Bd4 15. Ra2 b5 16. Na5 Bd7 17. Rd1 Bb6 18. Rad2 Bxa5 19. bxa5 a6 20.
Bb2 Rbc8 21. Bxf6+ gxf6 22. Bb7 Rc3 23. Bxa6 Rxa3 24. Bxb5 Bxb5 25. Rxd8 f5
26. e3 Rxa5 27. Rh8 Be2 28. Rc1 h5 29. h4 Rd5 30. Kg2 Rd8 31. Rxd8 Kxd8 32.
f3 Ke7 33. Kf2 Bd3 34. Rc8 Kf6 35. Rh8 Kg6 36. Ke1 Bc4 37. Kd2 Bd5 38. Ke2
Bc4+ 39. Kf2 Bd5 40. Rd8 Kf6 41. Ke2 Bc4+ 42. Kd2 Bd5 43. Rxd5 exd5 44. Kd3
Ke5 45. f4+ Ke6 46. Kc3 Kd6 47. Kd4 Ke6 48. Kc5 f6 49. Kc6 Ke7 50. Kxd5 Kd7
51. Kc5 Kc7 52. Kd5 Kd7 53. e4 fxe4 54. Kxe4 Ke6 55. f5+ Kd6 56. Kd4 Kc6 57.
Ke4 Kd6 58. Kf4 Kd5 59. g4 hxg4 60. Kxg4 Kd6 61. Kf4 Ke7 62. Ke4 Kf7 63. Kd5
Kg7 64. Ke6 Kf8 65. Kxf6 Kg8 66. Ke7 Kg7 67. f6+ Kg8 68. f7+ Kh8 69. f8=Q+
Kh7 70. Qf7+ Kh6 71. Qg8 Kh5 72. Qg5# {Black checkmated} 1-0

[Event "EDAMI"]
[Site "Internet Chess Club"]
[Date "2020.03.21"]
[Round "5"]
[White "leonardogila"]
[Black "JotaAlvarez"]
[Result "0-1"]
[ICCResult "White checkmated"]
[WhiteElo "1308"]
[BlackElo "1347"]
[Opening "Four knights game"]
[ECO "C47"]
[NIC "KP.06"]
[Time "14:14:26"]
[TimeControl "300+3"]

1. e4 e5 2. Nf3 Nc6 3. Nc3 Nf6 4. Bd3 Bc5 5. Bc4 d6 6. d3 h6 7. Bd2 Bg4 8.
O-O Nd4 9. h3 Nxf3+ 10. gxf3 Bxh3 11. Re1 Nh5 12. Qe2 Nf4 13. Qd1 Qg5+ 14.
Kh2 Qg2# {White checkmated} 0-1

[Event "EDAMI"]
[Site "Internet Chess Club"]
[Date "2020.03.21"]
[Round "5"]
[White "GGEstruch"]
[Black "JulioSainz"]
[Result "1-0"]
[ICCResult "Black checkmated"]
[WhiteElo "1165"]
[BlackElo "1081"]
[Opening "Giuoco Piano"]
[ECO "C50"]
[NIC "IG.02"]
[Time "14:13:53"]
[TimeControl "300+3"]

1. e4 e5 2. Nf3 Nc6 3. Bc4 Bc5 4. O-O Bxf2+ 5. Rxf2 Nf6 6. Nc3 O-O 7. d4
exd4 8. Nxd4 Nxd4 9. Qxd4 d6 10. Bg5 Ng4 11. Bxd8 Rxd8 12. Rf4 Bd7 13. h3
Nh6 14. Rf3 b5 15. Rg3 a6 16. Qxg7# {Black checkmated} 1-0

[Event "EDAMI"]
[Site "Internet Chess Club"]
[Date "2020.03.21"]
[Round "5"]
[White "pgranadap"]
[Black "morgana1965"]
[Result "0-1"]
[ICCResult "White checkmated"]
[WhiteElo "1399"]
[BlackElo "1582"]
[Opening "Petrov: Nimzovich attack"]
[ECO "C42"]
[NIC "RG.03"]
[Time "14:13:48"]
[TimeControl "300+3"]

1. e4 e5 2. Nf3 Nf6 3. Nxe5 d6 4. Nf3 Nxe4 5. Nc3 Nxc3 6. dxc3 Be7 7. Bc4
O-O 8. O-O Nc6 9. Re1 Bf6 10. Bf4 Bf5 11. Nd4 Nxd4 12. cxd4 Qd7 13. c3 Rfe8
14. Qb3 c6 15. Qa3 d5 16. Bb3 Rxe1+ 17. Rxe1 Re8 18. Rxe8+ Qxe8 19. Be3 Bg5
20. Qxa7 Bxe3 21. fxe3 Qxe3+ 22. Kf1 Bd3# {White checkmated} 0-1

[Event "EDAMI"]
[Site "Internet Chess Club"]
[Date "2020.03.21"]
[Round "5"]
[White "LucasCh"]
[Black "FERNANDOA9"]
[Result "0-1"]
[ICCResult "White checkmated"]
[WhiteElo "1237"]
[BlackElo "1210"]
[Opening "Four knights: Spanish, classical defense"]
[ECO "C48"]
[NIC "KP.03"]
[Time "14:13:49"]
[TimeControl "300+3"]

1. e4 e5 2. Nc3 Nc6 3. Nf3 Nf6 4. Bb5 Bc5 5. a3 Ng4 6. h3 Nxf2 7. Qe2 Nxh1
8. Qf1 Ng3 9. b4 Nxf1 10. bxc5 Qh4+ 11. Kxf1 Na5 12. d4 exd4 13. Nxd4 c6 14.
Nb3 Nxb3 15. cxb3 cxb5 16. Nxb5 O-O 17. a4 Qf6+ 18. Ke2 Qxa1 19. Bg5 a6 20.
Nc3 Qb2+ 21. Kd3 Re8 22. Bd2 d6 23. cxd6 Rb8 24. Nd1 Qb1+ 25. Ke2 Rxe4+ 26.
Kf2 Qxd1 27. Kg3 Qxd2 28. Kf3 Qe3# {White checkmated} 0-1

[Event "EDAMI"]
[Site "Internet Chess Club"]
[Date "2020.03.21"]
[Round "5"]
[White "gatuski"]
[Black "ArnauGuasch"]
[Result "1-0"]
[ICCResult "Black checkmated"]
[WhiteElo "1491"]
[BlackElo "1235"]
[Opening "King's pawn game"]
[ECO "C21"]
[NIC "KP.10"]
[Time "14:15:36"]
[TimeControl "300+3"]

1. e4 e5 2. d4 Be7 3. Nf3 Bh4 4. Nxh4 Qxh4 5. Bc4 d5 6. exd5 Nf6 7. O-O Ng4
8. h3 Nf6 9. Nc3 Na6 10. Be3 Bf5 11. Bb5+ c6 12. dxc6 bxc6 13. Bxc6+ Kd8 14.
Bxa8 Kc8 15. Bf3 g6 16. Qe2 h6 17. Qxa6+ Kb8 18. Qb7# {Black checkmated} 1-0

[Event "EDAMI"]
[Site "Internet Chess Club"]
[Date "2020.03.21"]
[Round "5"]
[White "Mark888"]
[Black "Alberto555"]
[Result "0-1"]
[ICCResult "White checkmated"]
[WhiteElo "1219"]
[BlackElo "1354"]
[Opening "Van't Kruijs opening"]
[ECO "A00"]
[Time "14:14:31"]
[TimeControl "300+3"]

1. e3 e5 2. Qh5 Nc6 3. Bd3 Nf6 4. Qf3 d5 5. Nh3 e4 6. Qe2 exd3 7. Qxd3 Nb4
8. Qb5+ Nc6 9. O-O Bd6 10. Nc3 a6 11. Qd3 O-O 12. Nxd5 Nxd5 13. Qxd5 Be6 14.
Qe4 Bxh3 15. b3 f5 16. Qd3 Nb4 17. Qe2 Qg5 18. Ba3 Qxg2# {White checkmated}
0-1

[Event "EDAMI"]
[Site "Internet Chess Club"]
[Date "2020.03.21"]
[Round "5"]
[White "semaqui08"]
[Black "Poleras123"]
[Result "1-0"]
[ICCResult "Black checkmated"]
[WhiteElo "1359"]
[BlackElo "1262"]
[Opening "Queen's bishop game"]
[ECO "D00"]
[NIC "QP.08"]
[Time "14:14:04"]
[TimeControl "300+3"]

1. d4 d5 2. Bf4 Nf6 3. Nf3 e6 4. Nbd2 Bd6 5. Bg3 O-O 6. e3 Bd7 7. Bd3 Bxg3
8. hxg3 Ng4 9. Bxh7+ Kh8 10. Bf5+ Kg8 11. Bxg4 Re8 12. c3 Kf8 13. Qc2 Ke7
14. Qh7 Rh8 15. Qxh8 Qxh8 16. Rxh8 Be8 17. O-O-O Kd8 18. Ne5 f6 19. Bh5 Ke7
20. Rxe8+ Kd6 21. Nf7+ Kd7 22. Nh8 c6 23. Nb3 a6 24. Nc5+ Kc7 25. Nxe6+ Kd7
26. Nc5+ Kc7 27. Re7+ Kd8 28. Rxb7 Kc8 29. Rh1 Kd8 30. Nf7+ Kc8 31. Nd6+ Kd8
32. Bg6 Nd7 33. Rxd7# {Black checkmated} 1-0

[Event "EDAMI"]
[Site "Internet Chess Club"]
[Date "2020.03.21"]
[Round "5"]
[White "Arriazu96"]
[Black "AnithingElse"]
[Result "0-1"]
[ICCResult "White resigns"]
[WhiteElo "1200"]
[BlackElo "1449"]
[Opening "Scotch: Potter variation"]
[ECO "C45"]
[NIC "SO.05"]
[Time "14:13:48"]
[TimeControl "300+3"]

1. e4 e5 2. Nf3 Nc6 3. d4 exd4 4. Nxd4 Bc5 5. Nb3 Bb6 6. Nc3 d6 7. Qe2 Nf6
8. Be3 Bxe3 9. Qxe3 O-O 10. O-O-O a6 11. Nd4 Nxd4 12. Qxd4 Be6 13. Kb1 Qe7
14. h3 Rfd8 15. f4 c5 16. Qe3 b5 17. Nd5 Bxd5 18. e5 dxe5 19. fxe5 Bxa2+ 20.
Kxa2 Qe6+ 21. Ka3 b4+ 22. Ka4 Qa2+ {White resigns} 0-1

[Event "EDAMI"]
[Site "Internet Chess Club"]
[Date "2020.03.21"]
[Round "5"]
[White "Eodun"]
[Black "Juanmaromero"]
[Result "0-1"]
[ICCResult "White checkmated"]
[WhiteElo "1108"]
[BlackElo "1218"]
[Opening "Bishop's opening"]
[ECO "C23"]
[NIC "IG.04"]
[Time "14:14:06"]
[TimeControl "300+3"]

1. e4 e5 2. Bc4 Nc6 3. d3 Nf6 4. Bg5 h6 5. Bxf6 gxf6 6. Qh5 d5 7. Bxd5 Be6
8. Bxe6 Qe7 9. Bxf7+ Qxf7 10. Qg4 Rg8 11. Qf3 Nd4 12. Qe3 O-O-O 13. Qf4 Rxg2
14. Qg4+ Ne6 15. Qxg2 Bb4+ 16. Nc3 Nf4 17. f3 Nxg2+ 18. Kf1 Ne3+ 19. Ke2 Bc5
20. Nb5 Qg6 21. Nxa7+ Bxa7 22. Re1 Qg2# {White checkmated} 0-1

[Event "EDAMI"]
[Site "Internet Chess Club"]
[Date "2020.03.21"]
[Round "5"]
[White "JORGEVALLES"]
[Black "tomasgarrido"]
[Result "1-0"]
[ICCResult "Black checkmated"]
[WhiteElo "1100"]
[BlackElo "1273"]
[Opening "KP: Napoleon's opening"]
[ECO "C20"]
[NIC "KP.10"]
[Time "14:13:53"]
[TimeControl "300+3"]

1. e4 e5 2. Qf3 d6 3. Bc4 Nf6 4. g3 Bg4 5. Qe3 Nc6 6. Qb3 Qd7 7. Ne2 Nxe4 8.
O-O Bxe2 9. Re1 Bxc4 10. Qxc4 Qf5 11. Rxe4 d5 12. Qxd5 Ne7 13. Qxe5 g6 14.
g4 Qf3 15. Qxh8 Qxe4 16. Qxh7 Qe1+ 17. Kg2 Qxc1 18. Qh3 Qxb2 19. Qc3 Qxc3
20. dxc3 f5 21. gxf5 gxf5 22. Nd2 Bg7 23. h4 Bxc3 24. Rh1 Bxd2 25. h5 Kd7
26. Rd1 Rg8+ 27. Kf1 Kc8 28. Rxd2 b6 29. f4 a5 30. Rh2 c5 31. h6 Ng6 32. h7
b5 33. hxg8=Q+ Kc7 34. Qxg6 b4 35. Rh7+ Kc8 36. Qg8# {Black checkmated} 1-0

[Event "EDAMI"]
[Site "Internet Chess Club"]
[Date "2020.03.21"]
[Round "5"]
[White "Danielosky"]
[Black "xabi"]
[Result "0-1"]
[ICCResult "White checkmated"]
[WhiteElo "1029"]
[BlackElo "1322"]
[Opening "Philidor: Nimzovich variation"]
[ECO "C21"]
[NIC "KP.08"]
[Time "14:14:31"]
[TimeControl "300+3"]

1. e4 e5 2. d4 d6 3. Nf3 Nf6 4. dxe5 dxe5 5. Bb5+ Bd7 6. Nc3 Bb4 7. a3 Bxc3+
8. bxc3 Bxb5 9. a4 Bc4 10. Bg5 O-O 11. Qxd8 Rxd8 12. Nxe5 Be6 13. O-O Nc6
14. Rfe1 Nxe5 15. Bf4 Nc4 16. Bxc7 Rdc8 17. Bf4 Re8 18. e5 Nd5 19. g3 Nxc3
20. Bd2 Nxd2 21. Re3 Rac8 22. Ra3 Ncb1 23. Rad3 Rxc2 24. Re1 Bf5 25. Rd5 Be4
26. e6 fxe6 27. Re5 Bc6 28. Rxe6 Rxe6 29. Rxe6 Rc1+ 30. Re1 Rxe1#
{White checkmated}
0-1

[Event "EDAMI"]
[Site "Internet Chess Club"]
[Date "2020.03.21"]
[Round "5"]
[White "BielPipo"]
[Black "liveisgood"]
[Result "1-0"]
[ICCResult "Black forfeits on time"]
[WhiteElo "1093"]
[BlackElo "1184"]
[Opening "Four knights: Italian variation"]
[ECO "C47"]
[NIC "RG.01"]
[Time "14:13:50"]
[TimeControl "300+3"]

1. e4 e5 2. Nf3 Nf6 3. Nc3 Nc6 4. Bc4 Bb4 5. a3 Bxc3 6. bxc3 O-O 7. Rb1 d6
8. g3 Bg4 9. h3 Bd7 10. Ng5 Be6 11. Bxe6 fxe6 12. Nxe6 Qe7 13. Nxf8 Qxf8 14.
Rxb7 Re8 15. Rxc7 Na5 16. Rxa7 Nc6 17. Ra6 Nb8 18. Rb6 Nbd7 19. Rb7 Nc5 20.
Rc7 Ncxe4 21. Qf3 Ng5 22. Qb7 Nge4 23. f3 Nxg3 24. Rg1 Nf5 25. d3 Ne3 26.
Ke2 Nxc2 27. Kd2 Nxa3 28. Qb4 {Black forfeits on time} 1-0

[Event "EDAMI"]
[Site "Internet Chess Club"]
[Date "2020.03.21"]
[Round "5"]
[White "Luar10"]
[Black "Hakrom"]
[Result "1-0"]
[ICCResult "Black checkmated"]
[WhiteElo "1515"]
[BlackElo "1529"]
[Opening "Caro-Kann: classical variation"]
[ECO "B18"]
[NIC "CK.10"]
[Time "14:13:54"]
[TimeControl "300+3"]

1. e4 c6 2. d4 d5 3. Nc3 dxe4 4. Nxe4 Bf5 5. Bd3 e6 6. Ng3 Bxd3 7. Qxd3 Nf6
8. Bg5 Be7 9. Bxf6 Bxf6 10. O-O-O O-O 11. N1e2 Nd7 12. Qf3 Qc7 13. Qg4 g6
14. Ne4 Bg7 15. Nf4 Rae8 16. Rd3 f5 17. Qf3 fxe4 18. Qxe4 Nf6 19. Qe2 Qd7
20. Re3 Nd5 21. Nxe6 Nxe3 22. Nxf8 Kxf8 23. fxe3 Kg8 24. Qc4+ Qe6 25. Qxe6+
Rxe6 26. Kd2 Bh6 27. Re1 Kf7 28. c4 b6 29. b4 Ke7 30. a4 a6 31. Kd3 Kd6 32.
c5+ bxc5 33. bxc5+ Kc7 34. e4 a5 35. Rb1 Rf6 36. d5 cxd5 37. exd5 Rf2 38. c6
Rd2+ 39. Kc4 Rc2+ 40. Kd4 Rd2+ 41. Kc4 Kd6 42. Rb7 Rxd5 43. Rd7+ Kxc6 44.
Rxd5 Bf4 45. Rxa5 Bxh2 46. Rc5+ Kb6 47. a5+ Ka6 48. Rd5 Bg3 49. Kb4 Be1+ 50.
Ka4 g5 51. Rxg5 h6 52. Rg6+ Ka7 53. Rxh6 Bxa5 54. Kxa5 Kb7 55. g4 Ka7 56. g5
Kb7 57. g6 Ka7 58. g7 Kb7 59. g8=Q Ka7 60. Qg7+ Ka8 61. Rh8# {Black
checkmated} 1-0

[Event "EDAMI"]
[Site "Internet Chess Club"]
[Date "2020.03.21"]
[Round "5"]
[White "chessmasternico"]
[Black "raxali"]
[Result "1-0"]
[ICCResult "Black forfeits on time"]
[WhiteElo "1231"]
[BlackElo "1210"]
[Opening "Polish (Sokolsky) opening"]
[ECO "A00"]
[NIC "VO.10"]
[Time "14:14:07"]
[TimeControl "300+3"]

1. b4 e5 2. Nc3 d6 3. Ba3 b5 4. Nxb5 a6 5. Nxd6+ cxd6 6. Rb1 Nc6 7. b5 axb5
8. Rxb5 Rxa3 9. Qc1 Ra6 10. Rb2 Bf5 11. c3 g5 12. d4 f6 13. e3 d5 14. Bxa6
Qd7 15. Bb5 Qd8 16. Bxc6+ Ke7 17. Rb7+ Kd6 18. Qa3+ Kxc6 19. Qb4 Bxb4 20.
cxb4 Kxb7 21. dxe5 fxe5 22. Nf3 e4 23. Ke2 exf3+ 24. gxf3 d4 25. exd4 Qxd4
26. Rd1 Bd3+ 27. Rxd3 Qb2+ 28. Ke3 Qxb4 29. Rd4 Qc5 30. Kd3 Nf6 31. h3 Re8
32. Rc4 {Black forfeits on time} 1-0

[Event "EDAMI"]
[Site "Internet Chess Club"]
[Date "2020.03.21"]
[Round "5"]
[White "ramonramon2006"]
[Black "Umbra"]
[Result "0-1"]
[ICCResult "White checkmated"]
[WhiteElo "1251"]
[BlackElo "1507"]
[Opening "English opening"]
[ECO "A21"]
[NIC "EO.22"]
[Time "14:17:14"]
[TimeControl "300+3"]

1. c4 e5 2. Nc3 d6 3. Nf3 Be7 4. g3 Nf6 5. Bg2 Nc6 6. O-O O-O 7. e3 h6 8. d4
exd4 9. exd4 Kh8 10. Re1 Nh7 11. Bf4 Bg5 12. Bxg5 Nxg5 13. Nxg5 Qxg5 14. d5
Nd8 15. Ne4 Qg6 16. Qd4 f5 17. Nd2 f4 18. Ne4 f3 19. Bf1 Nf7 20. Nd2 Ne5 21.
Rac1 Qh5 22. Re4 g5 23. h4 Kh7 24. hxg5 Ng4 25. Bd3 Qh2+ 26. Kf1 Qh1#
{White checkmated}
0-1

[Event "EDAMI"]
[Site "Internet Chess Club"]
[Date "2020.03.21"]
[Round "5"]
[White "JorgeyLucia"]
[Black "David2020"]
[Result "0-1"]
[ICCResult "White checkmated"]
[WhiteElo "1394"]
[BlackElo "1291"]
[Opening "Sicilian: closed"]
[ECO "B23"]
[NIC "SI.44"]
[Time "14:14:01"]
[TimeControl "300+3"]

1. e4 c5 2. Nc3 d6 3. a4 Nf6 4. Bc4 e6 5. d3 Nc6 6. Nge2 Be7 7. O-O O-O 8.
Ng3 d5 9. exd5 exd5 10. Bb3 Qc7 11. f4 Nd4 12. Nxd5 Nxd5 13. Bxd5 Rb8 14. c3
Nf5 15. Nxf5 Bxf5 16. Bc4 Rbd8 17. Qc2 a6 18. Be3 Qa5 19. Rab1 b5 20. axb5
axb5 21. Ra1 Qb6 22. Bb3 Bxd3 23. Qf2 Bxf1 24. Rxf1 Qc6 25. Qf3 Qd6 26. Qg3
Bf6 27. Qf2 c4 28. Bc5 Qc6 29. Bxf8 Rxf8 30. Ba2 Be7 31. Qc2 h5 32. Bb1 g6
33. f5 Kg7 34. fxg6 fxg6 35. Rxf8 Bxf8 36. Kh1 Qf6 37. Kg1 Bc5+ 38. Qf2
Qxf2+ 39. Kh1 Qf1# {White checkmated} 0-1

[Event "EDAMI"]
[Site "Internet Chess Club"]
[Date "2020.03.21"]
[Round "5"]
[White "didi08"]
[Black "EDUARDOFLORES"]
[Result "1-0"]
[ICCResult "Black checkmated"]
[WhiteElo "1344"]
[BlackElo "1276"]
[Opening "KP: Indian opening"]
[ECO "C20"]
[NIC "KP.07"]
[Time "14:13:51"]
[TimeControl "300+3"]

1. e4 e5 2. d3 Nc6 3. Nf3 Nf6 4. Nc3 d6 5. Bg5 d5 6. Bxf6 Qxf6 7. d4 exd4 8.
Nxd4 dxe4 9. Nxc6 bxc6 10. Bc4 Bb4 11. O-O Bd6 12. h3 Qf4 13. g3 Qh6 14. b4
Qxh3 15. Ne2 c5 16. Bd5 cxb4 17. Rb1 e3 18. Bg2 Bc5 19. Bxh3 Bxh3 20. Kh2
Bd7 21. Qd5 Bd6 22. Qxa8+ Ke7 23. Qxh8 exf2 24. Rxf2 f5 25. Qxh7 f4 26. gxf4
Ba4 27. Qxg7+ Ke6 28. Rxb4 Bxc2 29. Qb2 Bd3 30. Qd2 Bf5 31. Ng3 Bh7 32. Qe2+
Kd7 33. Rb8 c5 34. Qb5+ Kc7 35. Rb7+ Kd8 36. Qd7# {Black checkmated} 1-0

[Event "EDAMI"]
[Site "Internet Chess Club"]
[Date "2020.03.21"]
[Round "5"]
[White "Alexelnub"]
[Black "Josep2012"]
[Result "1/2-1/2"]
[ICCResult "Game drawn by repetition"]
[WhiteElo "1064"]
[BlackElo "1235"]
[Opening "French defense"]
[ECO "C01"]
[NIC "FR.01"]
[Time "14:14:27"]
[TimeControl "300+3"]

1. e4 e6 2. d4 d5 3. Bd2 dxe4 4. Qc1 e3 5. Bxe3 Nf6 6. Bb5+ Nc6 7. f4 a6 8.
Be2 Nxd4 9. Bxd4 Qxd4 10. Nc3 Bd6 11. a3 Bxf4 12. Qb1 Bd2+ 13. Kd1 Bxc3+ 14.
Kc1 Bxb2+ 15. Qxb2 Qe3+ 16. Kb1 Qxe2 17. Nxe2 Bd7 18. Qxb7 Rc8 19. Rd1 Rd8
20. Nf4 O-O 21. Ra2 Rb8 22. Qxb8 Rxb8+ 23. Rb2 Rc8 24. Rd4 c6 25. Rb7 Nd5
26. Nxd5 cxd5 27. Rxd7 h6 28. Rf4 Rb8+ 29. Rb4 Rc8 30. Rg4 Rb8+ 31. Rb4 Rc8
32. Re4 Rb8+ 33. Rb4 Rc8 34. Rf4 Rb8+ 35. Rb4 Rc8 36. Rf4 Rb8+
{Game drawn by repetition}
1/2-1/2

[Event "EDAMI"]
[Site "Internet Chess Club"]
[Date "2020.03.21"]
[Round "5"]
[White "AlbertFernandez"]
[Black "AdriaPro"]
[Result "0-1"]
[ICCResult "White forfeits on time"]
[WhiteElo "1562"]
[BlackElo "1637"]
[Opening "Scandinavian: Pytel-Wade variation"]
[ECO "B01"]
[NIC "SD.02"]
[Time "14:13:50"]
[TimeControl "300+3"]

1. e4 d5 2. exd5 Qxd5 3. Nc3 Qd6 4. d4 Nf6 5. Bc4 a6 6. Nge2 b5 7. Bb3 Bb7
8. f3 e6 9. Bf4 Qd8 10. Qd2 Bd6 11. h4 Bxf4 12. Nxf4 Nc6 13. O-O-O Na5 14.
Rhe1 Nxb3+ 15. axb3 O-O 16. Qf2 b4 17. Na4 Qd6 18. Qe3 Bc6 19. Nc5 a5 20. g4
a4 21. bxa4 Bxa4 22. Nxa4 Rxa4 23. Kb1 Qa6 24. c3 bxc3 25. Qxc3 Ra8 26. g5
Rc4 27. Qa3 Ra4 28. Qc3 Nd7 29. h5 Rc4 30. Qa3 Qxa3 31. bxa3 Rxa3 32. Rf1
Rb3+ 33. Ka2 Rb5 34. Rd3 Ra4+ 35. Ra3 Rxa3+ 36. Kxa3 Rxg5 37. Rb1 Nb6 38.
Rc1 Rg3 39. Rc3 g5 40. hxg6 hxg6 41. Ne2 Rh3 42. Nf4 Rh4 43. Ng2 Rxd4 44.
Ne1 Nd5 45. Rb3 Kg7 46. Nc2 Rf4 47. Ka2 c5 48. Rd3 c4 49. Rd2 Rxf3 50. Nd4
Rd3 51. Nf3 Rxf3 {White forfeits on time} 0-1